2397 views
Uploaded 2022-04-26 00:19:38
Game version 1.32.10
50:31 long 3on3 ladder game on (6)RuinsOfStratholme
Saved by GIGA
2397 views
Uploaded 2022-04-26 00:19:38
Game version 1.32.10
50:31 long 3on3 ladder game on (6)RuinsOfStratholme


83 units @ 7.7k
/ 1.1k
168 buildings @ 13.7k
/ 6k


| Peasant | 22 | 1650 | / | 0 |
| Mortar Team | 4 | 720 | / | 280 |
| Flying Machine | 24 | 2400 | / | 720 |
| total: | 50 | 4770g | / | 1000w |
| Scout Tower | 47 | 1410 | / | 940 |
| Arcane Tower | 5 | 350 | / | 250 |
| Guard Tower | 15 | 1050 | / | 750 |
| Altar of Kings | 1 | 180 | / | 50 |
| Farm | 20 | 1600 | / | 400 |
| Lumber Mill | 3 | 360 | / | 0 |
| Town Hall | 1 | 385 | / | 205 |
| Blacksmith | 1 | 140 | / | 60 |
| Cannon Tower | 1 | 120 | / | 100 |
| Workshop | 3 | 420 | / | 420 |
| Keep | 1 | 320 | / | 210 |
| Castle | 1 | 360 | / | 210 |
| total: | 76 | 4495g | / | 2075w |
| 0:02 | Peasant |
| 0:06 | Altar of Kings |
| 0:07 | Peasant |
| 0:17 | Farm |
| 0:18 | Peasant |
| 0:33 | Lumber Mill |
| 0:34 | Peasant |
| 0:36 | Peasant |
| 0:52 | Farm |
| 0:56 | Scout Tower |
| 0:58 | Peasant |
| 1:20 | Peasant |
| 1:29 | Farm |
| 1:33 | Peasant |
| 1:39 | Arcane Tower |
| 1:50 | Peasant |
| 2:03 | Peasant |
| 2:05 | Scout Tower |
| 2:09 | Storm Bolt |
| 2:20 | Peasant |
| 2:56 | Peasant |
| 2:56 | Peasant |
| 2:58 | Guard Tower |
| 3:15 | Town Hall |
| 3:19 | Scout Tower |
| 3:22 | Scout Tower |
| 3:36 | Peasant |
| 3:36 | Peasant |
| 3:36 | Peasant |
| 3:48 | Arcane Tower |
| 3:51 | Scout Tower |
| 3:52 | Scout Tower |
| 3:54 | Peasant |
| 4:11 | Guard Tower |
| 4:12 | Scout Tower |
| 4:25 | Peasant |
| 4:30 | Scout Tower |
| 4:31 | Scout Tower |
| 4:33 | Improved Lumber Harvesting |
| 4:57 | Keep |
| 5:01 | Guard Tower |
| 5:02 | Scout Tower |
| 5:03 | Scout Tower |
| 5:09 | Peasant |
| 5:09 | Peasant |
| 5:15 | Guard Tower |
| 5:21 | Guard Tower |
| 5:27 | Scout Tower |
| 5:29 | Scout Tower |
| 5:39 | Peasant |
| 5:57 | Guard Tower |
| 5:59 | Scout Tower |
| 6:01 | Scout Tower |
| 6:01 | Scout Tower |
| 6:07 | Improved Masonry |
| 6:09 | Guard Tower |
| 7:19 | Castle |
| 7:41 | Blacksmith |
| 7:51 | Advanced Lumber Harvesting |
| 7:52 | Advanced Masonry |
| 7:53 | Peasant |
| 8:17 | Guard Tower |
| 8:19 | Holy Light |
| 8:22 | Scout Tower |
| 8:23 | Scout Tower |
| 8:31 | Black Gunpowder |
| 8:37 | Workshop |
| 8:39 | Workshop |
| 8:47 | Workshop |
| 8:55 | Guard Tower |
| 8:56 | Scout Tower |
| 8:56 | Scout Tower |
| 9:04 | Iron Plating |
| 9:10 | Guard Tower |
| 9:19 | Scout Tower |
| 9:19 | Scout Tower |
| 9:20 | Scout Tower |
| 9:44 | Flak Cannons |
| 9:44 | Flying Machine Bombs |
| 9:48 | Refined Gunpowder |
| 9:56 | Fragmentation Shards |
| 9:58 | Flare |
| 10:03 | Guard Tower |
| 10:14 | Guard Tower |
| 10:19 | Guard Tower |
| 10:21 | Scout Tower |
| 10:22 | Scout Tower |
| 10:22 | Scout Tower |
| 10:23 | Scout Tower |
| 11:10 | Mortar Team |
| 11:35 | Farm |
| 11:37 | Guard Tower |
| 11:40 | Farm |
| 11:56 | Arcane Tower |
| 11:58 | Arcane Tower |
| 12:01 | Farm |
| 12:03 | Farm |
| 12:10 | Flying Machine |
| 12:10 | Flying Machine |
| 12:10 | Flying Machine |
| 12:10 | Flying Machine |
| 12:11 | Flying Machine |
| 12:17 | Flying Machine |
| 12:19 | Farm |
| 12:19 | Farm |
| 12:20 | Farm |
| 12:20 | Farm |
| 12:21 | Farm |
| 12:23 | Farm |
| 12:32 | Flying Machine |
| 13:41 | Storm Bolt |
| 13:44 | Mortar Team |
| 14:39 | Flying Machine |
| 14:40 | Flying Machine |
| 14:40 | Flying Machine |
| 14:40 | Flying Machine |
| 14:40 | Flying Machine |
| 14:40 | Flying Machine |
| 14:41 | Flying Machine |
| 15:21 | Divine Shield |
| 15:37 | Farm |
| 15:46 | Farm |
| 15:55 | Farm |
| 15:55 | Farm |
| 17:42 | Bash |
| 17:43 | Bash |
| 17:44 | Holy Light |
| 17:45 | Divine Shield |
| 17:54 | Farm |
| 18:17 | Farm |
| 18:19 | Farm |
| 19:49 | Flying Machine |
| 19:49 | Flying Machine |
| 19:49 | Flying Machine |
| 25:04 | Mortar Team |
| 25:04 | Mortar Team |
| 26:22 | Storm Bolt |
| 26:23 | Divine Shield |
| 27:22 | Scout Tower |
| 27:22 | Scout Tower |
| 27:23 | Scout Tower |
| 27:23 | Scout Tower |
| 27:24 | Scout Tower |
| 27:24 | Scout Tower |
| 27:25 | Scout Tower |
| 28:51 | Arcane Tower |
| 30:58 | Holy Light |
| 32:09 | Avatar |
| 32:12 | Avatar |
| 34:05 | Holy Light |
| 35:04 | Lumber Mill |
| 35:17 | Scout Tower |
| 35:18 | Scout Tower |
| 35:19 | Scout Tower |
| 35:19 | Scout Tower |
| 35:20 | Scout Tower |
| 35:21 | Scout Tower |
| 35:21 | Scout Tower |
| 35:21 | Scout Tower |
| 35:46 | Cannon Tower |
| 37:43 | Flying Machine |
| 37:43 | Flying Machine |
| 37:43 | Flying Machine |
| 37:43 | Flying Machine |
| 37:44 | Flying Machine |
| 37:44 | Flying Machine |
| 37:44 | Flying Machine |
| 39:50 | Resurrection |
| 46:35 | Bash |
| 46:51 | Resurrection |
| 47:11 | Bash |
| 47:33 | Scout Tower |
| 47:33 | Scout Tower |
| 47:34 | Scout Tower |
| 47:34 | Scout Tower |
| 48:34 | Lumber Mill |
| 48:47 | Scout Tower |
| 49:15 | Guard Tower |
| Right click | 2773 |
| Select group | 875 |
| Select | 461 |
| Use ability | 172 |
| Misc. action | 140 |
| Build/train/purchase | 130 |
| Minimap ping | 28 |
| Resource trade | 12 |
| Assign group | 11 |
| Esc | 9 |


| Peasant | 14 | 1050 | / | 0 |
| Dragonhawk Rider | 4 | 800 | / | 120 |
| total: | 18 | 1850g | / | 120w |
| Scout Tower | 52 | 1560 | / | 1040 |
| Guard Tower | 10 | 700 | / | 500 |
| Arcane Tower | 8 | 560 | / | 400 |
| Altar of Kings | 2 | 360 | / | 100 |
| Farm | 8 | 640 | / | 160 |
| Lumber Mill | 1 | 120 | / | 0 |
| Arcane Vault | 1 | 130 | / | 30 |
| Gryphon Aviary | 1 | 140 | / | 150 |
| Arcane Sanctum | 1 | 150 | / | 140 |
| Keep | 1 | 320 | / | 210 |
| Castle | 1 | 360 | / | 210 |
| total: | 66 | 3100g | / | 1620w |
| 0:04 | Peasant |
| 0:05 | Peasant |
| 0:10 | Altar of Kings |
| 0:15 | Farm |
| 0:16 | Farm |
| 0:22 | Peasant |
| 0:41 | Peasant |
| 1:02 | Lumber Mill |
| 1:23 | Peasant |
| 1:23 | Peasant |
| 1:24 | Peasant |
| 1:24 | Peasant |
| 1:31 | Farm |
| 2:04 | Improved Lumber Harvesting |
| 2:05 | Peasant |
| 2:06 | Peasant |
| 2:06 | Peasant |
| 2:26 | Storm Bolt |
| 2:28 | Peasant |
| 2:29 | Peasant |
| 3:04 | Scout Tower |
| 3:05 | Scout Tower |
| 3:07 | Scout Tower |
| 3:07 | Scout Tower |
| 3:08 | Scout Tower |
| 3:09 | Scout Tower |
| 3:11 | Scout Tower |
| 3:12 | Scout Tower |
| 3:26 | Improved Masonry |
| 3:31 | Scout Tower |
| 3:33 | Scout Tower |
| 3:49 | Guard Tower |
| 3:55 | Peasant |
| 4:12 | Keep |
| 4:17 | Scout Tower |
| 4:18 | Scout Tower |
| 4:22 | Scout Tower |
| 4:23 | Scout Tower |
| 4:24 | Scout Tower |
| 4:25 | Scout Tower |
| 4:25 | Scout Tower |
| 4:26 | Scout Tower |
| 4:29 | Scout Tower |
| 4:30 | Scout Tower |
| 4:34 | Scout Tower |
| 4:35 | Scout Tower |
| 4:36 | Scout Tower |
| 4:37 | Scout Tower |
| 4:37 | Scout Tower |
| 4:38 | Scout Tower |
| 4:39 | Scout Tower |
| 4:40 | Scout Tower |
| 4:41 | Scout Tower |
| 4:51 | Arcane Tower |
| 4:57 | Arcane Tower |
| 5:07 | Bash |
| 5:11 | Bash |
| 5:19 | Scout Tower |
| 5:20 | Scout Tower |
| 5:21 | Scout Tower |
| 5:22 | Scout Tower |
| 5:24 | Scout Tower |
| 5:26 | Scout Tower |
| 5:31 | Guard Tower |
| 6:00 | Guard Tower |
| 6:03 | Arcane Tower |
| 6:09 | Guard Tower |
| 6:22 | Guard Tower |
| 6:26 | Arcane Tower |
| 6:29 | Scout Tower |
| 6:29 | Scout Tower |
| 6:30 | Scout Tower |
| 6:32 | Scout Tower |
| 6:32 | Scout Tower |
| 6:45 | Gryphon Aviary |
| 7:01 | Advanced Masonry |
| 7:21 | Arcane Vault |
| 7:30 | Castle |
| 7:48 | Arcane Tower |
| 7:54 | Arcane Tower |
| 7:56 | Guard Tower |
| 8:17 | Guard Tower |
| 8:18 | Guard Tower |
| 8:21 | Scout Tower |
| 8:24 | Scout Tower |
| 8:25 | Scout Tower |
| 8:27 | Scout Tower |
| 8:50 | Holy Light |
| 10:07 | Guard Tower |
| 10:10 | Guard Tower |
| 10:13 | Scout Tower |
| 10:16 | Scout Tower |
| 10:17 | Scout Tower |
| 10:18 | Scout Tower |
| 10:21 | Cloud |
| 10:22 | Dragonhawk Rider |
| 10:22 | Dragonhawk Rider |
| 10:22 | Dragonhawk Rider |
| 10:35 | Arcane Sanctum |
| 11:29 | Altar of Kings |
| 11:38 | Farm |
| 11:44 | Dragonhawk Rider |
| 11:55 | Farm |
| 12:28 | Magic Sentry |
| 12:34 | Arcane Tower |
| 12:41 | Storm Bolt |
| 13:45 | Farm |
| 13:46 | Farm |
| 14:33 | Farm |
| 23:12 | Holy Light |
| 26:21 | Storm Bolt |
| 27:31 | Divine Shield |
| 48:17 | Scout Tower |
| 48:18 | Scout Tower |
| 48:19 | Scout Tower |
| 48:20 | Scout Tower |
| 48:58 | Arcane Tower |
| Right click | 2430 |
| Select group | 1627 |
| Select | 482 |
| Build/train/purchase | 63 |
| Use ability | 43 |
| Minimap ping | 28 |
| Assign group | 26 |
| Misc. action | 10 |
| Chat | 7 |
| Esc | 2 |
Cabeelibob
(194)
(50:15) : 
| Lesser Clarity Potion | 4 | 280 |
| Healing Salve | 1 | 100 |
| Orb of Lightning | 1 | 375 |
| Tiny Great Hall | 2 | 1200 |
| Staff of Teleportation | 1 | 150 |
| Boots of Speed | 1 | 250 |
| total: | 10 | 2355g |
| Peon | 15 | 1125 | / | 0 |
| total: | 15 | 1125g | / | 0w |
| Watch Tower | 2 | 220 | / | 160 |
| Altar of Storms | 3 | 540 | / | 150 |
| Orc Burrow | 6 | 960 | / | 240 |
| War Mill | 2 | 410 | / | 0 |
| Voodoo Lounge | 4 | 520 | / | 120 |
| Great Hall | 9 | 3465 | / | 1665 |
| Stronghold | 1 | 315 | / | 190 |
| Fortress | 1 | 325 | / | 190 |
| total: | 26 | 6115g | / | 2335w |
| 0:05 | Altar of Storms |
| 0:08 | Orc Burrow |
| 0:09 | Peon |
| 0:20 | Peon |
| 0:25 | Peon |
| 0:57 | War Mill |
| 1:00 | Peon |
| 1:11 | Voodoo Lounge |
| 1:16 | Peon |
| 1:33 | Peon |
| 1:50 | Peon |
| 2:04 | Orc Burrow |
| 2:07 | Orc Burrow |
| 2:11 | Wind Walk |
| 2:16 | Peon |
| 2:16 | Peon |
| 2:41 | Watch Tower |
| 3:14 | Watch Tower |
| 3:17 | Peon |
| 3:17 | Peon |
| 3:35 | Great Hall |
| 3:42 | Voodoo Lounge |
| 3:47 | Staff of Teleportation |
| 3:50 | Boots of Speed |
| 4:02 | Peon |
| 4:02 | Peon |
| 5:01 | Orc Burrow |
| 5:39 | Lesser Clarity Potion |
| 5:41 | Healing Salve |
| 6:04 | War Mill |
| 7:26 | Stronghold |
| 8:10 | Lesser Clarity Potion |
| 8:12 | Lesser Clarity Potion |
| 8:23 | Spiked Barricades |
| 8:46 | Orc Burrow |
| 10:06 | Great Hall |
| 10:18 | Critical Strike |
| 10:49 | Fortress |
| 13:15 | Orb of Lightning |
| 13:24 | Altar of Storms |
| 14:45 | Altar of Storms |
| 15:55 | Orc Burrow |
| 16:23 | Great Hall |
| 17:53 | Great Hall |
| 18:29 | Voodoo Lounge |
| 20:34 | Tiny Great Hall |
| 21:36 | Critical Strike |
| 25:32 | Wind Walk |
| 27:24 | Tiny Great Hall |
| 27:53 | Peon |
| 27:53 | Peon |
| 29:09 | Critical Strike |
| 29:22 | Voodoo Lounge |
| 31:13 | Great Hall |
| 33:38 | Bladestorm |
| 35:43 | Lesser Clarity Potion |
| 38:45 | Great Hall |
| 40:52 | Wind Walk |
| 43:01 | Great Hall |
| 44:54 | Great Hall |
| 46:38 | Mirror Image |
| 47:40 | Great Hall |
| Right click | 1847 |
| Misc. action | 308 |
| Select | 259 |
| Select group | 174 |
| Build/train/purchase | 123 |
| Chat | 91 |
| Resource trade | 71 |
| Use ability | 24 |
| Remove unit | 7 |
| Minimap ping | 5 |
| Assign group | 4 |
| Item give/drop | 2 |
213 units @ 32.9k
/ 6.4k
116 buildings @ 14.4k
/ 6.1k


| Rod of Necromancy | 1 | 150 |
| Dust of Appearance | 1 | 75 |
| Scroll of Healing | 2 | 500 |
| Scroll of Town Portal | 3 | 1050 |
| Scroll of Regeneration | 1 | 100 |
| Orb of Fire | 1 | 325 |
| total: | 9 | 2200g |
| Acolyte | 18 | 1350 | / | 0 |
| Ghoul | 6 | 720 | / | 0 |
| Crypt Fiend | 7 | 1505 | / | 280 |
| Frost Wyrm | 20 | 7700 | / | 2400 |
| Peon | 3 | 225 | / | 0 |
| total: | 54 | 11500g | / | 2680w |
| Spirit Tower | 3 | 435 | / | 120 |
| Ziggurat | 7 | 1050 | / | 350 |
| Crypt | 1 | 200 | / | 50 |
| Altar of Darkness | 1 | 180 | / | 50 |
| Graveyard | 1 | 215 | / | 0 |
| Tomb of Relics | 2 | 260 | / | 60 |
| Necropolis | 4 | 900 | / | 0 |
| Boneyard | 3 | 525 | / | 600 |
| Halls of the Dead | 1 | 320 | / | 210 |
| Black Citadel | 1 | 325 | / | 230 |
| total: | 19 | 3330g | / | 1110w |
| 0:05 | Acolyte |
| 0:07 | Ziggurat |
| 0:14 | Crypt |
| 0:18 | Acolyte |
| 0:34 | Altar of Darkness |
| 0:46 | Acolyte |
| 0:54 | Graveyard |
| 1:05 | Tomb of Relics |
| 1:16 | Ghoul |
| 1:30 | Ziggurat |
| 1:42 | Ghoul |
| 1:59 | Ghoul |
| 2:12 | Ghoul |
| 2:39 | Death Coil |
| 2:41 | Halls of the Dead |
| 2:53 | Rod of Necromancy |
| 3:07 | Spirit Tower |
| 3:51 | Crypt Fiend |
| 3:53 | Spirit Tower |
| 3:57 | Ziggurat |
| 4:21 | Unholy Aura |
| 4:47 | Crypt Fiend |
| 5:05 | Black Citadel |
| 5:37 | Creature Attack |
| 6:02 | Ziggurat |
| 6:05 | Creature Carapace |
| 6:46 | Death Coil |
| 6:54 | Web |
| 7:04 | Dust of Appearance |
| 7:29 | Frost Nova |
| 7:34 | Acolyte |
| 7:36 | Boneyard |
| 7:46 | Boneyard |
| 8:39 | Ziggurat |
| 9:20 | Frost Wyrm |
| 9:21 | Frost Wyrm |
| 9:25 | Acolyte |
| 9:38 | Frost Armor |
| 9:51 | Scroll of Regeneration |
| 10:14 | Acolyte |
| 10:33 | Freezing Breath |
| 10:34 | Acolyte |
| 11:03 | Necropolis |
| 11:06 | Acolyte |
| 11:40 | Frost Wyrm |
| 11:56 | Ziggurat |
| 12:06 | Ziggurat |
| 12:26 | Improved Creature Attack |
| 14:22 | Crypt Fiend |
| 14:50 | Frost Wyrm |
| 14:56 | Boneyard |
| 15:23 | Unholy Aura |
| 15:25 | Scroll of Healing |
| 15:42 | Frost Wyrm |
| 15:46 | Ghoul |
| 15:46 | Ghoul |
| 16:42 | Frost Wyrm |
| 17:36 | Scroll of Town Portal |
| 17:36 | Scroll of Healing |
| 18:08 | Frost Wyrm |
| 18:12 | Frost Nova |
| 18:17 | Orb of Fire |
| 18:26 | Acolyte |
| 18:54 | Frost Wyrm |
| 19:20 | Frost Wyrm |
| 19:43 | Scroll of Town Portal |
| 20:01 | Spirit Tower |
| 20:37 | Frost Wyrm |
| 21:03 | Crypt Fiend |
| 21:16 | Acolyte |
| 21:44 | Acolyte |
| 21:44 | Acolyte |
| 22:23 | Necropolis |
| 23:04 | Frost Wyrm |
| 24:17 | Frost Wyrm |
| 25:23 | Necropolis |
| 26:05 | Acolyte |
| 26:05 | Acolyte |
| 26:13 | Frost Wyrm |
| 28:38 | Frost Wyrm |
| 30:42 | Tomb of Relics |
| 31:07 | Advanced Creature Attack |
| 31:21 | Crypt Fiend |
| 32:40 | Frost Armor |
| 35:18 | Death Coil |
| 36:33 | Crypt Fiend |
| 37:05 | Scroll of Town Portal |
| 37:30 | Necropolis |
| 38:50 | Acolyte |
| 38:51 | Acolyte |
| 39:02 | Crypt Fiend |
| 39:17 | Frost Wyrm |
| 40:41 | Acolyte |
| 40:41 | Acolyte |
| 43:18 | Frost Wyrm |
| 43:29 | Peon |
| 43:30 | Peon |
| 43:30 | Peon |
| 43:55 | Frost Wyrm |
| 44:57 | Frost Wyrm |
| 45:00 | Frost Wyrm |
| 46:43 | Frost Wyrm |
| Select group | 1239 |
| Right click | 744 |
| Misc. action | 430 |
| Select | 425 |
| Build/train/purchase | 102 |
| Use ability | 73 |
| Assign group | 57 |
| Minimap ping | 20 |
| Chat | 17 |
| Resource trade | 10 |
| Item give/drop | 1 |


| Scroll of Regeneration | 4 | 400 |
| Scroll of Town Portal | 4 | 1400 |
| Boots of Speed | 2 | 500 |
| Potion of Lesser Invulnerability | 1 | 150 |
| Scroll of Protection | 2 | 300 |
| total: | 13 | 2750g |
| Peasant | 26 | 1950 | / | 0 |
| Rifleman | 8 | 1640 | / | 240 |
| Mortar Team | 10 | 1800 | / | 700 |
| Siege Engine | 6 | 1170 | / | 360 |
| Flying Machine | 1 | 100 | / | 30 |
| Troll Berserker | 10 | 1400 | / | 200 |
| Troll Batrider | 7 | 1120 | / | 280 |
| Demolisher | 5 | 1100 | / | 250 |
| Peon | 9 | 675 | / | 0 |
| Wind Rider | 1 | 265 | / | 40 |
| Raider | 2 | 360 | / | 80 |
| total: | 85 | 11580g | / | 2180w |
| Scout Tower | 36 | 1080 | / | 720 |
| Arcane Tower | 5 | 350 | / | 250 |
| Guard Tower | 5 | 350 | / | 250 |
| Altar of Kings | 1 | 180 | / | 50 |
| Farm | 17 | 1360 | / | 340 |
| Blacksmith | 2 | 280 | / | 120 |
| Barracks | 1 | 160 | / | 60 |
| Arcane Vault | 2 | 260 | / | 60 |
| Town Hall | 3 | 1155 | / | 615 |
| Lumber Mill | 3 | 360 | / | 0 |
| Workshop | 3 | 420 | / | 420 |
| Keep | 4 | 1280 | / | 840 |
| Castle | 1 | 360 | / | 210 |
| total: | 68 | 5255g | / | 2385w |
| 0:02 | Peasant |
| 0:02 | Peasant |
| 0:03 | Peasant |
| 0:13 | Altar of Kings |
| 0:21 | Peasant |
| 0:21 | Peasant |
| 0:36 | Farm |
| 0:57 | Blacksmith |
| 1:15 | Barracks |
| 1:21 | Peasant |
| 1:43 | Farm |
| 1:46 | Peasant |
| 1:54 | Peasant |
| 2:10 | Farm |
| 2:13 | Storm Bolt |
| 2:25 | Rifleman |
| 2:34 | Rifleman |
| 3:07 | Peasant |
| 3:11 | Farm |
| 3:17 | Farm |
| 3:22 | Rifleman |
| 3:24 | Peasant |
| 3:47 | Peasant |
| 3:50 | Farm |
| 4:12 | Rifleman |
| 4:17 | Arcane Vault |
| 4:22 | Thunder Clap |
| 4:51 | Rifleman |
| 5:26 | Town Hall |
| 5:39 | Scout Tower |
| 6:19 | Keep |
| 6:37 | Peasant |
| 6:37 | Peasant |
| 6:44 | Arcane Tower |
| 6:59 | Peasant |
| 7:00 | Peasant |
| 7:05 | Scout Tower |
| 7:08 | Lumber Mill |
| 7:13 | Peasant |
| 7:17 | Rifleman |
| 7:20 | Black Gunpowder |
| 7:20 | Refined Gunpowder |
| 7:36 | Arcane Vault |
| 7:37 | Arcane Tower |
| 7:47 | Boots of Speed |
| 7:47 | Boots of Speed |
| 7:59 | Storm Bolt |
| 8:09 | Rifleman |
| 8:24 | Peasant |
| 8:25 | Peasant |
| 8:31 | Rifleman |
| 8:41 | Farm |
| 8:43 | Imbued Gunpowder |
| 8:45 | Improved Lumber Harvesting |
| 8:46 | Advanced Lumber Harvesting |
| 8:51 | Workshop |
| 9:17 | Workshop |
| 9:18 | Peasant |
| 9:18 | Peasant |
| 9:22 | Farm |
| 9:32 | Long Rifles |
| 10:07 | Mortar Team |
| 10:09 | Farm |
| 10:25 | Mortar Team |
| 10:26 | Workshop |
| 10:28 | Peasant |
| 10:28 | Peasant |
| 10:28 | Peasant |
| 10:42 | Mortar Team |
| 11:08 | Mortar Team |
| 11:10 | Thunder Clap |
| 11:13 | Farm |
| 11:19 | Farm |
| 11:22 | Flare |
| 11:44 | Mortar Team |
| 11:46 | Farm |
| 11:47 | Farm |
| 11:52 | Farm |
| 11:54 | Farm |
| 11:59 | Farm |
| 12:04 | Peasant |
| 12:04 | Peasant |
| 12:04 | Peasant |
| 12:23 | Mortar Team |
| 12:32 | Mortar Team |
| 13:48 | Mortar Team |
| 14:27 | Castle |
| 15:12 | Studded Leather Armor |
| 15:24 | Farm |
| 15:25 | Blacksmith |
| 17:03 | Mortar Team |
| 17:25 | Barrage |
| 17:26 | Siege Engine |
| 17:26 | Siege Engine |
| 17:37 | Holy Light |
| 17:59 | Scroll of Town Portal |
| 17:59 | Scroll of Town Portal |
| 18:25 | Siege Engine |
| 18:25 | Siege Engine |
| 19:24 | Storm Bolt |
| 20:42 | Town Hall |
| 21:13 | Siege Engine |
| 21:13 | Siege Engine |
| 21:18 | Divine Shield |
| 22:19 | Scroll of Regeneration |
| 22:19 | Scroll of Regeneration |
| 22:19 | Scroll of Regeneration |
| 22:19 | Scroll of Regeneration |
| 23:02 | Potion of Lesser Invulnerability |
| 25:56 | Fragmentation Shards |
| 25:58 | Mortar Team |
| 26:41 | Scout Tower |
| 26:53 | Flying Machine |
| 27:36 | Arcane Tower |
| 29:57 | Town Hall |
| 33:38 | Scroll of Town Portal |
| 33:38 | Scroll of Town Portal |
| 33:38 | Scroll of Protection |
| 33:38 | Scroll of Protection |
| 34:51 | Iron Forged Swords |
| 34:51 | Iron Plating |
| 34:51 | Steel Plating |
| 34:53 | Improved Masonry |
| 34:53 | Advanced Masonry |
| 37:39 | Troll Berserker |
| 37:40 | Troll Regeneration |
| 38:32 | Steel Melee Weapons |
| 38:33 | Thorium Melee Weapons |
| 38:34 | Troll Batrider |
| 38:34 | Troll Batrider |
| 38:37 | Demolisher |
| 38:37 | Troll Berserker |
| 38:45 | Peon |
| 38:45 | Peon |
| 38:45 | Peon |
| 38:45 | Peon |
| 38:45 | Peon |
| 39:30 | Troll Berserker |
| 39:30 | Troll Berserker |
| 39:30 | Troll Berserker |
| 39:46 | Scout Tower |
| 39:47 | Scout Tower |
| 39:48 | Scout Tower |
| 39:50 | Scout Tower |
| 39:50 | Scout Tower |
| 39:53 | Scout Tower |
| 39:53 | Scout Tower |
| 39:54 | Scout Tower |
| 39:54 | Scout Tower |
| 39:55 | Scout Tower |
| 39:57 | Scout Tower |
| 39:58 | Scout Tower |
| 39:59 | Scout Tower |
| 39:59 | Scout Tower |
| 40:00 | Scout Tower |
| 40:01 | Scout Tower |
| 40:02 | Scout Tower |
| 40:14 | Scout Tower |
| 40:14 | Scout Tower |
| 40:15 | Scout Tower |
| 40:17 | Scout Tower |
| 40:32 | Troll Batrider |
| 40:32 | Troll Batrider |
| 40:32 | Troll Batrider |
| 40:37 | Peon |
| 40:37 | Peon |
| 40:37 | Peon |
| 40:37 | Peon |
| 40:42 | Guard Tower |
| 40:45 | Lumber Mill |
| 40:47 | Guard Tower |
| 40:51 | Lumber Mill |
| 40:52 | Guard Tower |
| 41:38 | Scout Tower |
| 41:38 | Scout Tower |
| 41:39 | Scout Tower |
| 41:40 | Scout Tower |
| 41:41 | Scout Tower |
| 41:45 | Scout Tower |
| 41:46 | Scout Tower |
| 41:46 | Scout Tower |
| 42:14 | Guard Tower |
| 42:24 | Troll Berserker |
| 43:13 | Guard Tower |
| 43:14 | Scout Tower |
| 43:17 | Scout Tower |
| 43:18 | Scout Tower |
| 43:30 | Keep |
| 43:33 | Scout Tower |
| 43:55 | Troll Berserker |
| 43:55 | Troll Berserker |
| 43:57 | Troll Batrider |
| 43:57 | Troll Batrider |
| 44:02 | Arcane Tower |
| 44:29 | Arcane Tower |
| 46:19 | Troll Berserker |
| 46:19 | Troll Berserker |
| 47:55 | Demolisher |
| 47:56 | Demolisher |
| 48:21 | Wind Rider |
| 48:36 | Demolisher |
| 48:36 | Demolisher |
| 49:23 | Raider |
| 49:23 | Raider |
| Select group | 2078 |
| Right click | 1538 |
| Misc. action | 1496 |
| Select | 1240 |
| Chat | 559 |
| Build/train/purchase | 308 |
| Assign group | 144 |
| Use ability | 104 |
| Minimap ping | 59 |
| Esc | 12 |
| Item give/drop | 4 |
| Resource trade | 4 |
| Remove unit | 1 |


| Scroll of Speed | 1 | 50 |
| Healing Salve | 2 | 200 |
| Scroll of Town Portal | 2 | 700 |
| total: | 5 | 950g |
| Peon | 25 | 1875 | / | 0 |
| Troll Headhunter | 9 | 1260 | / | 180 |
| Demolisher | 11 | 2420 | / | 550 |
| Troll Berserker | 18 | 2520 | / | 360 |
| Troll Batrider | 11 | 1760 | / | 440 |
| total: | 74 | 9835g | / | 1530w |
| Watch Tower | 9 | 990 | / | 720 |
| Altar of Storms | 2 | 360 | / | 100 |
| Orc Burrow | 6 | 960 | / | 240 |
| War Mill | 1 | 205 | / | 0 |
| Barracks | 2 | 360 | / | 100 |
| Voodoo Lounge | 1 | 130 | / | 30 |
| Great Hall | 7 | 2695 | / | 1295 |
| Beastiary | 1 | 145 | / | 140 |
| Stronghold | 4 | 1260 | / | 760 |
| Fortress | 2 | 650 | / | 380 |
| total: | 29 | 5845g | / | 2625w |
| 0:04 | Peon |
| 0:04 | Peon |
| 0:06 | Altar of Storms |
| 0:12 | Orc Burrow |
| 0:16 | Peon |
| 0:46 | Peon |
| 0:52 | War Mill |
| 1:07 | Barracks |
| 1:17 | Peon |
| 1:20 | Peon |
| 1:20 | Peon |
| 1:20 | Peon |
| 1:39 | Orc Burrow |
| 1:44 | Peon |
| 2:03 | Voodoo Lounge |
| 2:08 | Feral Spirit |
| 2:21 | Troll Headhunter |
| 2:25 | Troll Headhunter |
| 2:47 | Watch Tower |
| 2:53 | Troll Headhunter |
| 2:58 | Peon |
| 3:40 | Stronghold |
| 3:40 | Stronghold |
| 3:44 | Troll Headhunter |
| 3:55 | Chain Lighting |
| 4:02 | Troll Headhunter |
| 4:47 | Great Hall |
| 4:54 | Feral Spirit |
| 5:01 | Watch Tower |
| 5:02 | Troll Headhunter |
| 5:06 | Orc Burrow |
| 5:32 | Great Hall |
| 5:47 | Troll Headhunter |
| 6:30 | Watch Tower |
| 7:08 | Barracks |
| 7:30 | Troll Headhunter |
| 7:37 | Healing Wave |
| 7:40 | Chain Lighting |
| 7:45 | Steel Ranged Weapons |
| 7:58 | Watch Tower |
| 8:12 | Peon |
| 8:13 | Peon |
| 8:43 | Demolisher |
| 9:03 | Scroll of Speed |
| 9:07 | Healing Salve |
| 9:19 | Fortress |
| 9:26 | Peon |
| 9:26 | Peon |
| 9:27 | Peon |
| 9:45 | Reinforced Defenses |
| 9:49 | Demolisher |
| 9:54 | Watch Tower |
| 10:02 | Orc Burrow |
| 11:17 | Hex |
| 11:50 | Berserker Upgrade |
| 11:51 | Troll Headhunter |
| 11:51 | Demolisher |
| 12:21 | Steel Armor |
| 12:28 | Peon |
| 12:28 | Peon |
| 12:43 | Demolisher |
| 12:46 | Troll Berserker |
| 12:58 | Orc Burrow |
| 14:08 | Feral Spirit |
| 14:09 | Healing Wave |
| 14:24 | Troll Berserker |
| 14:24 | Demolisher |
| 14:38 | Demolisher |
| 14:38 | Burning Oil |
| 15:00 | Orc Burrow |
| 15:22 | Thorium Ranged Weapons |
| 15:28 | Peon |
| 16:11 | Troll Berserker |
| 16:11 | Troll Berserker |
| 16:14 | Watch Tower |
| 16:46 | Demolisher |
| 16:46 | Demolisher |
| 18:00 | Great Hall |
| 18:58 | Great Hall |
| 19:13 | Healing Salve |
| 19:53 | Scroll of Town Portal |
| 20:23 | Watch Tower |
| 20:40 | Watch Tower |
| 20:51 | Stronghold |
| 20:53 | Watch Tower |
| 21:09 | Great Hall |
| 21:21 | Troll Berserker |
| 21:41 | Altar of Storms |
| 23:37 | Great Hall |
| 24:41 | Troll Berserker |
| 25:14 | Troll Berserker |
| 25:14 | Demolisher |
| 25:29 | Troll Berserker |
| 26:01 | Troll Berserker |
| 26:01 | Troll Berserker |
| 26:10 | Peon |
| 26:10 | Peon |
| 26:11 | Peon |
| 26:42 | Scroll of Town Portal |
| 26:51 | Peon |
| 26:51 | Peon |
| 26:51 | Peon |
| 26:51 | Peon |
| 27:29 | Troll Berserker |
| 28:04 | Beastiary |
| 28:49 | Troll Berserker |
| 28:56 | Great Hall |
| 29:33 | Troll Batrider |
| 29:34 | Troll Batrider |
| 30:25 | Troll Batrider |
| 30:47 | Troll Batrider |
| 30:56 | Troll Berserker |
| 30:57 | Troll Berserker |
| 31:04 | Troll Batrider |
| 31:20 | Demolisher |
| 31:58 | Troll Berserker |
| 31:59 | Troll Berserker |
| 32:16 | Troll Batrider |
| 33:11 | Troll Berserker |
| 33:12 | Troll Berserker |
| 33:14 | Troll Batrider |
| 33:49 | Troll Batrider |
| 33:49 | Troll Batrider |
| 33:49 | Troll Batrider |
| 34:53 | Troll Batrider |
| 35:36 | Demolisher |
| Right click | 1713 |
| Select group | 1662 |
| Select | 740 |
| Misc. action | 275 |
| Build/train/purchase | 170 |
| Use ability | 82 |
| Assign group | 62 |
| Resource trade | 11 |
| Esc | 6 |
| Item give/drop | 1 |
| Minimap ping | 1 |
⇛